AoeStats
← Black_Mahler

Arena

508566492Analyzed
2v2 RM · 10d ago on Sep 23, 2026· 48m 48s· 4 players
Game mode
Random Map
Map size
Medium (4 player)
Population
200
Speed
Normal
Resources
Standard
Victory
Conquest
Starting age
Dark Age
Ending age
Imperial Age
RankedLock teamsTeams togetherTeam positionsShared explorationLock speedFull tech treeHidden civsTurbo modeCheats
Victory
Defeat
🇦🇷 Vietnamese · Argentina
1092
+14
🇨🇱 Portuguese · Chile
1041
+16
🇨🇴 Saxons · Colombia
1090
-17
🇨🇴 Franks · Colombia
1004
-13
Ivar the Boneless
10:04 Feudal Age
11:04 Loom
11:26 Double-Bit Axe
16:22 Castle Age
15:10 Horse Collar
15:22 Gold Mining
15:23 Stone Mining
15:51 Forging
17:34 Wheelbarrow
17:18 Bow Saw
22:19 Gold Shaft Mining
23:22 Scale Mail Armor
25:13 Iron Casting
25:57 Chain Mail Armor
29:21 Hand Cart
28:53 Town Watch
33:11 Imperial Age
31:45 Town Patrol
32:43 Fletching
34:31 Scale Barding Armor
34:46 Light Cavalry
35:50 Chain Barding Armor
36:05 Conscription
36:39 Bloodlines
36:30 Husbandry
36:30 Hussar
41:15 Two-Man Saw
42:41 Elite Hearth Troop
47:00 Plate Mail Armor
47:20 Elite Skirmisher
Black_Mahler
0:28 Loom
11:21 Feudal Age
16:27 Castle Age
16:49 Double-Bit Axe
21:47 Gold Mining
26:32 Wheelbarrow
27:00 Husbandry
36:01 Imperial Age
34:35 Hand Cart
34:07 Town Watch
35:10 Forging
38:19 Elite Skirmisher
39:52 Bow Saw
40:14 Conscription
41:51 Cavalier
GxNNER_CL
10:35 Feudal Age
9:25 Loom
17:07 Castle Age
20:05 Gold Mining
26:47 Imperial Age
25:10 Pikeman
31:25 Chemistry
35:39 Halberdier
41:54 Arquebus
46:07 Elite Organ Gun
Roy DeMeo
10:28 Feudal Age
15:08 Castle Age
13:49 Double-Bit Axe
13:45 Horse Collar
16:51 Bow Saw
16:43 Heavy Plow
21:50 Wheelbarrow
22:44 Hand Cart
24:44 Loom
27:32 Imperial Age
24:50 Loom
24:52 Town Watch
24:40 Elite Skirmisher
26:07 Fletching
26:17 Padded Archer Armor
26:55 Ballistics
27:09 Thumb Ring
27:15 Bodkin Arrow
27:35 Leather Archer Armor
28:49 Imperial Skirmisher
32:27 Chemistry
32:55 Bracer
33:29 Siege Engineers
35:44 Gold Mining
35:44 Stone Mining
36:45 Stone Shaft Mining
40:31 Ring Archer Armor
40:11 Forging
40:13 Elite Fire Lancer
40:56 Scale Mail Armor
41:30 Squires
43:25 Chain Mail Armor
43:46 Iron Casting
47:03 Elite Rattan Archer
48:47 Plate Mail Armor
Connection lost

Rejoining the realm…

Still unreachable

The connection could not be restored.

Session expired

The server has moved on; the page needs a fresh start.